Map: Efflorescence LE

Players

Stak

  • Race: Zerg Zerg
  • League: Diamond
  • Spawn Location: 9:00

MAXIMUS

  • Race: Zerg Zerg
  • League: Silver
  • Spawn Location: 6:00

Duffman

  • Race: Terran Terran
  • Spawn Location: 12:00

Ivadios

  • Race: Zerg Zerg
  • League: Bronze
  • Spawn Location: 3:00

VOD

Have the link to the VOD?

Description

Time

  • Played on: June 4, 2020, 2:38 p.m.
  • Length: 4:12
Show
View Real Time Build Order
Export as new Build Order

Stak Zerg 

Build Orders: 1 Base Baneling Bust, Pool Only, Zergling Baneling 

Get SALT Encoding   

  12  0:00  Drone  
  13  0:12  Extractor, Drone  
  13  0:17  Drone  
  14  0:34  Spawning Pool  
  13  0:40  Drone  
  14  0:47  Overlord  
  14  1:21  Zergling x6  
  14  1:22  Metabolic Boost  
  17  1:28  Queen  
  19  1:45  Baneling Nest  
  19  1:46  Zergling x2  
  19  1:48  Zergling x2  
  20  2:03  Zergling x2  
  21  2:12  Zergling x2  
  22  2:44  Overlord  
  22  3:17  Zergling x2  
  22  3:18  Zergling x8  
  27  3:37  Baneling  
  27  3:38  Baneling x12  
  27  3:49  Zergling x4  
Show
View Real Time Build Order
Export as new Build Order

MAXIMUS Zerg 

Build Orders: Pool First 

Get SALT Encoding   

  12  0:01  Drone  
  13  0:08  Drone  
  14  0:23  Extractor  
  14  0:24  Extractor, Drone  
  14  0:25  Drone  
  16  0:45  Spawning Pool  
  16  0:47  Overlord  
  15  0:55  Extractor  
  14  1:21  Drone  
  14  1:22  Drone  
  14  1:23  Drone, Hatchery  
  16  1:39  Drone  
  17  1:42  Queen  
  19  1:48  Drone  
  20  2:01  Metabolic Boost  
  20  2:04  Zergling x2  
  21  2:11  Zergling x2  
  22  2:21  Baneling Nest  
  21  2:26  Zergling x2  
  22  2:44  Zergling x6  
  22  2:49  Queen  
  27  2:57  Drone  
  28  2:59  Evolution Chamber, Overlord x2  
  27  3:16  Drone  
  28  3:28  Queen  
  27  3:44  Zergling x2  
  27  3:45  Zergling x10  
Show
View Real Time Build Order
Export as new Build Order

Duffman Terran 

Build Orders:  

Get SALT Encoding   

  12  0:00  SCV  
  13  0:13  SCV  
  14  0:19  Supply Depot  
  14  0:25  SCV  
  15  0:29  Refinery  
  15  0:40  SCV  
  16  0:47  Barracks  
  16  0:52  SCV  
  17  1:04  SCV  
  18  1:13  Refinery  
  18  1:16  SCV  
  19  1:29  SCV  
  20  1:37  Reaper, Supply Depot  
  21  1:43  Orbital Command  
  21  2:12  Factory  
  21  2:16  SCV  
  22  2:24  Barracks  
  22  2:43  Marine  
  23  2:56  Factory Reactor  
  23  3:27  Marine x2  
  27  3:34  Hellion x2  
  27  3:36  SCV  
  30  3:47  Marine  
  31  3:57  Command Center  
  31  3:59  Supply Depot  
Show
View Real Time Build Order
Export as new Build Order

Ivadios Zerg 

Build Orders: Pool First 

Get SALT Encoding   

  12  0:04  Drone  
  13  0:26  Spawning Pool  
  12  0:32  Overlord  
  12  0:49  Drone x2  
  14  1:20  Extractor  
  14  1:24  Queen  
  15  1:29  Zergling x4  
  15  1:30  Zergling x2  
  18  2:02  Drone x2  
  3  3:13  Zergling x6  
  3  3:14  Zergling x6, Hatchery  
Tags
 
Add a new tag
Caveats
  • Supply blocks, unpowered buildings, or Contaminate may cause inaccurate times.
  • Supply counts are checked every 10 seconds.